3A
ALAMEDA AIRMEN @ KENNESAW JETS
05/08/2042
 
TOP OF THE 1ST
Alameda Airmen batting - Pitching for Kennesaw Jets : RHP Kimmo-Mikka Jokinen
Pitching: RHP Kimmo-Mikka Jokinen
Batting: SHB Jaime Juárez 0-0: Swinging Strike
0-1: Ball
1-1: Ball
2-1: Foul Ball, location: 2F
2-2: Foul Ball, location: 2F
2-2: Ball
3-2: Strikes out swinging
Pitching: LHP Sean Boyd
Batting: RHB Roberto Berganza 0-0: Swinging Strike
0-1: Ball
1-1: Foul Ball, location: 2F
1-2: Foul Ball, location: 2F
1-2: Ball
2-2: Strikes out swinging
Batting: LHB Xue-qin Chen 0-0: Called Strike
0-1: Ball
1-1: Ball
2-1: Ball
3-1: Called Strike
3-2: Ground out 4-3 (Groundball, 4MS, EV 80.0 MPH)
Top of the 1st over - 0 runs, 0 hits, 0 errors, 0 left on base; Alameda 0 - Kennesaw 0
BOTTOM OF THE 1ST
Kennesaw Jets batting - Pitching for Alameda Airmen : RHP Ed Clark
Pitching: RHP Ed Clark
Batting: LHB Gwang-soo Deungjeong 0-0: Ball
1-0: Ball
2-0: Called Strike
2-1: Ball
3-1: Base on Balls
Batting: LHB Seung-jae Kyong 0-0: SINGLE (Groundball, 3, EV 86.9 MPH) (infield hit)
Gwang-soo Deungjeong to second
Batting: RHB Will Gamble 0-0: Foul Ball, location: 2F
0-1: Ball
1-1: Ball
2-1: SINGLE (Groundball, 6, EV 86.9 MPH) (infield hit)
Gwang-soo Deungjeong to third
Seung-jae Kyong to second
Batting: LHB Kyle Fitzgerald 0-0: Ball
1-0: Called Strike
1-1: Ball
2-1: Foul Ball, location: 2F
2-2: Ball
3-2: Foul Ball, location: 2F
3-2: Foul Ball, location: 2F
3-2: Base on Balls
Gwang-soo Deungjeong scores
Seung-jae Kyong to third
Will Gamble to second
Batting: SHB Mark Thomas 0-0: Called Strike
0-1: Called Strike
0-2: Ball
1-2: Foul Ball, location: 2F
1-2: Grounds out, U3 (Groundball, 3L, EV 105.0 MPH)
Seung-jae Kyong scores
Will Gamble to third
Batting: LHB Adrian Beard 0-0: Ball
Wild Pitch!
Will Gamble scores
Kyle Fitzgerald to third
1-0: Foul Ball, location: 2F
1-1: Called Strike
1-2: Ball
2-2: Strikes out looking
Batting: RHB Maurice Wrightson 0-0: Ball
1-0: Fly out, F8 (Flyball, 78XD, EV 99.4 MPH)
Bottom of the 1st over - 3 runs, 2 hits, 0 errors, 1 left on base; Alameda 0 - Kennesaw 3
TOP OF THE 2ND
Alameda Airmen batting - Pitching for Kennesaw Jets : LHP Sean Boyd
Batting: RHB Héctor Heredice 0-0: Fly out, F7 (Flyball, 7LMF, EV 88.8 MPH)
Batting: LHB Desi Liñares 0-0: Foul Ball, location: 2F
0-1: Fly out, F2 (Popup, 25F, EV 90.6 MPH)
Batting: RHB Reynold Jongenelen 0-0: Ground out 4-3 (Groundball, 4, EV 88.8 MPH)
Top of the 2nd over - 0 runs, 0 hits, 0 errors, 0 left on base; Alameda 0 - Kennesaw 3
BOTTOM OF THE 2ND
Kennesaw Jets batting - Pitching for Alameda Airmen : RHP Ed Clark
Batting: RHB Pepe Rodríguez 0-0: Called Strike
0-1: Hit by Pitch
Batting: RHB Jack Plumb 0-0: Ball
1-0: Foul Ball, location: 2F
1-1: Ball
2-1: Ball
3-1: SINGLE (Groundball, 6MD, EV 100.0 MPH)
Pepe Rodríguez to second
Runner from 2nd tries for 3rd, SAFE, no throw by CF
Batting: LHB Gwang-soo Deungjeong 0-0: Ball
1-0: Called Strike
1-1: Foul Ball, location: 2F
1-2: Strikes out swinging
Batting: LHB Seung-jae Kyong 0-0: Ball
1-0: Fly out, F9 (Flyball, 89M, EV 86.9 MPH)
Runner from 3rd tags up, SCORES, throw by RF
Batting: RHB Will Gamble 0-0: Called Strike
0-1: Ball
1-1: Called Strike
1-2: Strikes out swinging
Bottom of the 2nd over - 1 run, 1 hit, 0 errors, 1 left on base; Alameda 0 - Kennesaw 4
TOP OF THE 3RD
Alameda Airmen batting - Pitching for Kennesaw Jets : LHP Sean Boyd
Batting: RHB César Jiménez 0-0: Foul Ball, location: 2F
0-1: Swinging Strike
0-2: Strikes out looking
Batting: RHB Millard Morris 0-0: Ball
1-0: Fly out, F3 (Popup, 3S, EV 71.9 MPH)
Batting: RHB Sergio Estrada 0-0: Foul Ball, location: 2F
0-1: Foul Ball, location: 2F
0-2: SINGLE (Line Drive, 8LS, EV 93.1 MPH)
Batting: SHB Jaime Juárez 0-0: Swinging Strike
0-1: Ball
1-1: Foul Ball, location: 2F
1-2: Ball
2-2: Foul Ball, location: 2F
2-2: Ball
3-2: Base on Balls
Sergio Estrada to second
Batting: RHB Roberto Berganza 0-0: Ball
1-0: Foul Ball, location: 2F
1-1: Ball
2-1: Swinging Strike
2-2: Foul Ball, location: 2F
2-2: Strikes out swinging
Top of the 3rd over - 0 runs, 1 hit, 0 errors, 2 left on base; Alameda 0 - Kennesaw 4
BOTTOM OF THE 3RD
Kennesaw Jets batting - Pitching for Alameda Airmen : RHP Ed Clark
Batting: LHB Kyle Fitzgerald 0-0: Ball
1-0: Foul Ball, location: 2F
1-1: Ball
2-1: Ball
3-1: Swinging Strike
3-2: Strikes out looking
Batting: SHB Mark Thomas 0-0: Called Strike
0-1: Foul Ball, location: 2F
0-2: Ground out 1-3 (Groundball, 34S, EV 89.4 MPH)
Batting: LHB Adrian Beard 0-0: Ball
1-0: Ball
2-0: Ball
3-0: Base on Balls
Batting: RHB Maurice Wrightson 0-0: Ball
1-0: Ball
2-0: Ball
3-0: Called Strike
3-1: Foul Ball, location: 2F
3-2: Foul Ball, location: 2F
3-2: Base on Balls
Adrian Beard to second
Batting: RHB Pepe Rodríguez 0-0: Foul Ball, location: 2F
0-1: Foul Ball, location: 2F
0-2: Ball
1-2: Ball
2-2: Strikes out swinging
Bottom of the 3rd over - 0 runs, 0 hits, 0 errors, 2 left on base; Alameda 0 - Kennesaw 4
TOP OF THE 4TH
Alameda Airmen batting - Pitching for Kennesaw Jets : LHP Sean Boyd
Batting: LHB Xue-qin Chen 0-0: Ball
1-0: Ground out 4-3 (Groundball, 34D, EV 105.0 MPH)
Batting: RHB Héctor Heredice 0-0: Ground out 5-3 (Groundball, 56, EV 82.5 MPH)
Batting: LHB Desi Liñares 0-0: Ball
1-0: Ball
2-0: Foul Ball, location: 2F
2-1: Ball
3-1: Base on Balls
Batting: RHB Reynold Jongenelen 0-0: Foul Ball, location: 2F
0-1: Foul Ball, location: 2F
0-2: Strikes out swinging
Top of the 4th over - 0 runs, 0 hits, 0 errors, 1 left on base; Alameda 0 - Kennesaw 4
BOTTOM OF THE 4TH
Kennesaw Jets batting - Pitching for Alameda Airmen : RHP Ed Clark
Batting: RHB Jack Plumb 0-0: Foul Ball, location: 2F
0-1: Called Strike
0-2: Ball
1-2: Foul Ball, location: 2F
1-2: Ball
2-2: Ball
3-2: Fly out, F9 (Flyball, 9D, EV 80.0 MPH)
Batting: LHB Gwang-soo Deungjeong 0-0: Called Strike
0-1: Ground out 1-3 (Groundball, 34S, EV 85.0 MPH)
Batting: LHB Seung-jae Kyong 0-0: Ball
1-0: Ball
2-0: Foul Ball, location: 2F
2-1: Called Strike
2-2: SINGLE (Line Drive, 7S, EV 103.8 MPH)
Batting: RHB Will Gamble 0-0: Called Strike
0-1: Swinging Strike
0-2: Ball
1-2: Ball
2-2: Ball
3-2: Foul Ball, location: 2F
3-2: Strikes out swinging
Bottom of the 4th over - 0 runs, 1 hit, 0 errors, 1 left on base; Alameda 0 - Kennesaw 4
TOP OF THE 5TH
Alameda Airmen batting - Pitching for Kennesaw Jets : LHP Sean Boyd
Batting: RHB César Jiménez 0-0: Swinging Strike
0-1: Swinging Strike
0-2: Foul Ball, location: 2F
0-2: Ball
1-2: Strikes out swinging
Batting: RHB Millard Morris 0-0: Ball
1-0: Foul Ball, location: 2F
1-1: Swinging Strike
1-2: Foul Ball, location: 2F
1-2: Foul Ball, location: 2F
1-2: Strikes out looking
Batting: RHB Sergio Estrada 0-0: Swinging Strike
0-1: Ball
1-1: Ball
2-1: Ground out 6-3 (Groundball, 6, EV 90.6 MPH)
Top of the 5th over - 0 runs, 0 hits, 0 errors, 0 left on base; Alameda 0 - Kennesaw 4
BOTTOM OF THE 5TH
Kennesaw Jets batting - Pitching for Alameda Airmen : RHP Ed Clark
Pitching: LHP Bill Zimmerman
Batting: LHB Kyle Fitzgerald 0-0: Called Strike
0-1: Ball
1-1: Ball
2-1: Called Strike
2-2: Ball
3-2: Foul Ball, location: 2F
3-2: Base on Balls
Batting: SHB Mark Thomas 0-0: Ball
Wild Pitch!
Kyle Fitzgerald to second
1-0: Foul Ball, location: 2F
1-1: Ball
2-1: Called Strike
2-2: Strikes out swinging
Batting: LHB Adrian Beard 0-0: Ground out 5-3 (Groundball, 5, EV 89.4 MPH)
Batting: RHB Maurice Wrightson 0-0: Foul Ball, location: 2F
0-1: Ball
1-1: Ball
2-1: Foul Ball, location: 2F
2-2: Strikes out swinging
Bottom of the 5th over - 0 runs, 0 hits, 0 errors, 1 left on base; Alameda 0 - Kennesaw 4
TOP OF THE 6TH
Alameda Airmen batting - Pitching for Kennesaw Jets : LHP Sean Boyd
Batting: SHB Jaime Juárez 0-0: Called Strike
0-1: Ball
1-1: Swinging Strike
1-2: Ball
2-2: Ball
3-2: Base on Balls
Pitching: RHP Roberto Palmeiro
Batting: RHB Roberto Berganza 0-0: Called Strike
0-1: Foul Ball, location: 2F
0-2: Ball
1-2: Ball
2-2: Fly out, F9 (Flyball, 9S, EV 88.8 MPH)
Batting: LHB Xue-qin Chen 0-0: Foul Ball, location: 2F
0-1: Ball
1-1: Called Strike
1-2: Ball
2-2: SINGLE (Line Drive, 7S, EV 103.8 MPH)
Jaime Juárez to second
Batting: RHB Héctor Heredice 0-0: Ball
1-0: Foul Ball, location: 2F
1-1: Ball
2-1: Foul Ball, location: 2F
2-2: Ball
3-2: Base on Balls
Jaime Juárez to third
Xue-qin Chen to second
Batting: LHB Desi Liñares 0-0: Ball
1-0: Foul Ball, location: 2F
1-1: Ball
2-1: Fly out, F5 (Popup, 25, EV 90.0 MPH)
Batting: RHB Reynold Jongenelen 0-0: Ball
1-0: Foul Ball, location: 2F
1-1: Ball
2-1: Foul Ball, location: 2F
2-2: Foul Ball, location: 2F
2-2: Fly out, F7 (Flyball, 7S, EV 76.9 MPH)
Top of the 6th over - 0 runs, 1 hit, 0 errors, 3 left on base; Alameda 0 - Kennesaw 4
BOTTOM OF THE 6TH
Kennesaw Jets batting - Pitching for Alameda Airmen : LHP Bill Zimmerman
Batting: RHB Pepe Rodríguez 0-0: Foul Ball, location: 2F
0-1: Swinging Strike
0-2: Strikes out swinging
Batting: RHB Jack Plumb 0-0: Called Strike
0-1: Ball
1-1: Ball
2-1: DOUBLE (Flyball, 8RXD, EV 95.6 MPH)
Batting: LHB Gwang-soo Deungjeong 0-0: Ball
1-0: Foul Ball, location: 2F
1-1: DOUBLE (Flyball, 8RD, EV 96.9 MPH)
Jack Plumb scores
Batting: LHB Seung-jae Kyong 0-0: Ground out 6-3 (Groundball, 6M, EV 105.0 MPH)
Gwang-soo Deungjeong to third
Batting: RHB Will Gamble 0-0: Ball
1-0: SINGLE (Groundball, 34S, EV 68.8 MPH) (infield hit)
Gwang-soo Deungjeong scores
Batting: LHB Kyle Fitzgerald 0-0: Ball
1-0: Ball
2-0: Called Strike
2-1: Ball
3-1: Foul Ball, location: 2F
3-2: Foul Ball, location: 2F
3-2: Strikes out swinging
Bottom of the 6th over - 2 runs, 3 hits, 0 errors, 1 left on base; Alameda 0 - Kennesaw 6
TOP OF THE 7TH
Alameda Airmen batting - Pitching for Kennesaw Jets : RHP Roberto Palmeiro
Batting: RHB César Jiménez 0-0: Called Strike
0-1: Ball
1-1: SINGLE (Flyball, 9S, EV 84.4 MPH)
Batting: RHB Millard Morris 0-0: Swinging Strike
0-1: Called Strike
0-2: Ball
1-2: Foul Ball, location: 2F
1-2: Strikes out looking
Batting: RHB Sergio Estrada 0-0: Ball
1-0: SINGLE (Line Drive, 9S, EV 94.4 MPH)
César Jiménez to second
Batting: SHB Jaime Juárez 0-0: Ball
1-0: Called Strike
1-1: Foul Ball, location: 2F
1-2: Strikes out looking
Batting: RHB Roberto Berganza 0-0: Ball
1-0: Ball
2-0: Swinging Strike
2-1: Foul Ball, location: 2F
2-2: DOUBLE (Line Drive, 8RXD, EV 100.6 MPH)
César Jiménez scores
Sergio Estrada to third
Runner from 3rd tries for Home, SAFE, throw by CF to trailing runner, SAFE at third!
Pitching: RHP Máximo Luna
Batting: LHB Xue-qin Chen 0-0: Ball
1-0: Swinging Strike
1-1: DOUBLE (Line Drive, 9LM, EV 107.5 MPH)
Roberto Berganza scores
Batting: RHB Héctor Heredice 0-0: Foul Ball, location: 2F
0-1: Swinging Strike
0-2: Strikes out swinging, 2-3 out at first.
Top of the 7th over - 3 runs, 4 hits, 0 errors, 1 left on base; Alameda 3 - Kennesaw 6
BOTTOM OF THE 7TH
Kennesaw Jets batting - Pitching for Alameda Airmen : LHP Bill Zimmerman
Batting: SHB Mark Thomas 0-0: Fly out, F8 (Line Drive, 8RD, EV 94.4 MPH)
Batting: LHB Adrian Beard 0-0: Ball
1-0: Ball
2-0: Swinging Strike
2-1: Called Strike
2-2: Strikes out swinging
Batting: RHB Maurice Wrightson 0-0: Reached on error, E8 (Flyball, 78D, EV 77.5 MPH)
Batting: RHB Pepe Rodríguez 0-0: Ball
1-0: Swinging Strike
1-1: Ball
2-1: Called Strike
2-2: Foul Ball, location: 2F
2-2: Foul Ball, location: 2F
2-2: Foul Ball, location: 2F
2-2: Strikes out looking
Bottom of the 7th over - 0 runs, 0 hits, 1 error, 1 left on base; Alameda 3 - Kennesaw 6
TOP OF THE 8TH
Alameda Airmen batting - Pitching for Kennesaw Jets : RHP Máximo Luna
Now in RF: Scotty Forrest
Batting: LHB Desi Liñares 0-0: Ball
1-0: Ball
2-0: Ball
3-0: Called Strike
3-1: Foul Ball, location: 2F
3-2: Base on Balls
Batting: RHB Reynold Jongenelen 0-0: Ball
1-0: Called Strike
1-1: Ball
2-1: Called Strike
2-2: Ball
3-2: SINGLE (Groundball, 6MD, EV 106.2 MPH)
Desi Liñares to second
Batting: RHB César Jiménez 0-0: Fly out, F9 (Flyball, 9LSF, EV 65.0 MPH)
Batting: RHB Millard Morris 0-0: SINGLE (Groundball, 6D, EV 99.4 MPH)
Desi Liñares to third
Reynold Jongenelen to second
Runner from 3rd tries for Home, SAFE, throw by CF to home
Batting: RHB Sergio Estrada 0-0: Ball
1-0: Called Strike
1-1: Ball
2-1: Foul Ball, location: 2F
2-2: Foul Ball, location: 2F
2-2: Ball
3-2: Strikes out swinging
Pitching: LHP Manuel Silva
Batting: SHB Jaime Juárez 0-0: DOUBLE (Line Drive, 9LS, EV 111.9 MPH)
Reynold Jongenelen scores
Millard Morris to third
Batting: RHB Roberto Berganza 0-0: Called Strike
0-1: Called Strike
0-2: Strikes out swinging
Top of the 8th over - 2 runs, 3 hits, 0 errors, 2 left on base; Alameda 5 - Kennesaw 6
BOTTOM OF THE 8TH
Kennesaw Jets batting - Pitching for Alameda Airmen : LHP Bill Zimmerman
Batting: RHB Jack Plumb 0-0: Hit by Pitch
Pitching: LHP Lee Weaver
Batting: LHB Gwang-soo Deungjeong 0-0: Sac Bunt to 13S - play at first, batter OUT! 1-4
Jack Plumb to second
Batting: LHB Seung-jae Kyong 0-0: Fly out, F8 (Flyball, 78D, EV 95.6 MPH)
Batting: RHB Will Gamble 0-0: Foul Ball, location: 2F
0-1: Ball
1-1: Ball
2-1: DOUBLE (Flyball, 89D, EV 95.6 MPH)
Jack Plumb scores
Batting: LHB Kyle Fitzgerald 0-0: Called Strike
0-1: Ball
1-1: SINGLE (Groundball, 4, EV 83.1 MPH) (infield hit)
Will Gamble to third
Batting: SHB Mark Thomas 0-0: Ball
1-0: Swinging Strike
1-1: Foul Ball, location: 2F
1-2: Ball
2-2: Strikes out swinging
Bottom of the 8th over - 1 run, 2 hits, 0 errors, 2 left on base; Alameda 5 - Kennesaw 7
TOP OF THE 9TH
Alameda Airmen batting - Pitching for Kennesaw Jets : LHP Manuel Silva
Pitching: RHP Britt Casey
Batting: LHB Xue-qin Chen 0-0: Ball
1-0: Called Strike
1-1: Fly out, F6 (Popup, 15S, EV 88.8 MPH)
Batting: RHB Héctor Heredice 0-0: Ball
1-0: Swinging Strike
1-1: Called Strike
1-2: Foul Ball, location: 2F
1-2: Ball
2-2: Ball
3-2: Ground out 5-3 (Groundball, 56S, EV 86.2 MPH)
Batting: LHB Desi Liñares 0-0: Ground out U3 (Groundball, 34, EV 106.2 MPH)
Top of the 9th over - 0 runs, 0 hits, 0 errors, 0 left on base; Alameda 5 - Kennesaw 7
Friday, March 26th, 2021 - OOTP Baseball 20.8 Build 74